 Dungeon Crawl Stone Soup version 0.31-a0-1093-gadecf41 (webtiles) character file.

Game seed: 7003818804834780274

13472 Soulflayer the Brawler (level 11, -2/147 HPs)
             Began as a Troll Berserker on Nov 28, 2023.
             Was a High Priest of Trog.
             Slain by a large slime creature (26 damage)
             ... on level 11 of the Dungeon.
             The game lasted 00:28:32 (7826 turns).

Soulflayer the Brawler (Troll Berserker)            Turns: 7826, Time: 00:28:33

Health: -2/147     AC:  8    Str: 31    XL:     11   Next: 76%
Magic:  10/10      EV:  9    Int:  3    God:    Trog [*****.]
Gold:   596        SH: 10    Dex: 15    Spells: 10/10 levels left

rFire   . .          .
                       - Unarmed
rCold   . . .        d - +0 kite shield
rNeg    . . .        y - +0 troll leather armour
rPois   +            m - +2 hat
rElec   .            o - +0 cloak
rCorr   .            (gloves unavailable)
SInv    .            (boots unavailable)
Will    .....        A - amulet of magic regeneration Stlth
                     C - +6 ring of dexterity
HPRegen 2.04/turn    D - ring of poison resistance
MPRegen 0.52/turn

%: no passive effects
@: berserking, studying Staves, very quick
A: large, unfitting armour, claws 3, regeneration 1, shaggy fur 1, tough skin 1
a: Renounce Religion, Berserk, Trog's Hand, Brothers in Arms


You were on level 11 of the Dungeon.
You worshipped Trog.
Trog was extremely pleased with you.
You visited 2 branches of the dungeon, and saw 12 of its levels.

You collected 596 gold pieces.

Inventory:

Hand Weapons
 g - the +3 mace "Faimp" {vamp, Int+5}
   (You found it on level 2 of the Dungeon)

   Int+5:     It affects your intelligence (+5).
Missiles
 j - 9 boomerangs
 K - 2 throwing nets
Armour
 a - +0 acid dragon scales
 d - a +0 kite shield (worn)
 k - a scarf of invisibility
 m - a +2 hat (worn)
 o - a +0 cloak (worn)
 y - a +0 troll leather armour (worn)
Jewellery
 A - an amulet of magic regeneration (around neck)
 C - a +6 ring of dexterity (left claw)
 D - a ring of poison resistance (right claw)
 J - a +5 ring of evasion
Wands
 l - a wand of paralysis (27)
 u - a wand of iceblast (23)
 G - a wand of acid (7)
 H - a wand of mindburst (9)
Scrolls
 b - 2 scrolls of fear
 c - 3 scrolls of noise {unknown}
 f - 4 scrolls of vulnerability
 n - a scroll of fog
 p - a scroll of torment {unknown}
 q - a scroll of silence {unknown}
 r - 2 scrolls of amnesia {unknown}
 t - a scroll of summoning {unknown}
 w - a scroll of acquirement {unknown}
 E - a scroll of enchant armour {unknown}
Potions
 e - a potion of cancellation
 h - 3 potions of curing
 i - a potion of mutation
 s - 3 potions of enlightenment
 v - 2 potions of heal wounds
 B - a potion of magic
 F - 2 potions of brilliance
 I - a potion of berserk rage {unknown}
Miscellaneous
 z - a lightning rod (4/4)


   Skills:
 + Level 3.6 Fighting
 * Level 5.8 Throwing
 - Level 2.4 Dodging
 + Level 5.9 Shields
 * Level 16.3 Unarmed Combat


You had 10 spell levels left.
You didn't know any spells.
Your spell library was empty.

Dungeon Overview and Level Annotations

Branches:
Dungeon (11/15)            Temple (1/1) D:6            Lair (0/5) D:8
    Orc (0/2) D:11

Altars:
Ashenzari
Cheibriados
Dithmenos
Elyvilon
Fedhas
Gozag
Hepliaklqana
Kikubaaqudgha
Makhleb
Nemelex Xobeh
Okawaru
Qazlal
Ru
Sif Muna
Trog
Uskayaw
Vehumet
Wu Jian
Xom
Yredelemnul
Zin
The Shining One

Shops:
D:10 (


Innate Abilities, Weirdness & Mutations

You are too large for most types of armour.
You have claws for hands.
Your natural rate of healing is unusually fast.
You are covered in fur. (AC +1)
You have tough skin. (AC +1)


Message History

You barely miss the slime creature.
The slime creature is severely wounded.
You mangle the slime creature!!
You kill the slime creature!
Trog accepts your kill.
Two slime creatures merge to form an enormous slime creature.
Throw: 2 large rocks
Press: ? - help, Q - select action, (/) - cycle Shift-Dir - straight line, f - enormous slime creature
Aim: an enormous slime creature (lightly wounded, 82% to hit)
You throw a large rock.
The large rock hits the enormous slime creature!
The enormous slime creature is moderately wounded.
Throw: large rock
Press: ? - help, Q - select action, (/) - cycle Shift-Dir - straight line, f/p - enormous slime creature
Aim: an enormous slime creature (moderately wounded, 82% to hit)
You throw a large rock.
The large rock hits the enormous slime creature.
The enormous slime creature is moderately wounded.
You block the enormous slime creature's attack.
The enormous slime creature attacks as it pursues you!
You block the enormous slime creature's attack.
The enormous slime creature attacks as it pursues you!
The enormous slime creature hits you!!!!
Ouch! That really hurt!
* * * LOW HITPOINT WARNING * * *
Okay, then.
Found a large filigree amulet.
The enormous slime creature attacks as it pursues you!
The enormous slime creature hits you!
* * * LOW HITPOINT WARNING * * *
Okay, then.
Okay, then.
Okay, then.
As you read the scroll of fog, it dissolves into smoke.
An enormous slime creature splits.
Okay, then.
A red film seems to cover your vision as you go berserk!
You feel yourself moving faster!
You feel mighty! The large slime creature hits you!!
You die...

.............
#......##.........#
#...."# ##.......##
#.....# ##.....#
#......## #.......###
#§.§......#### ##
#§J@# ....####..
##§§J# #........#
#§§§§# #....## #§§§§##
##.....
#.....#########......
##..................).
#..................###
#.####....#######..##
# ## #...## ####


You could see 2 large slime creatures.

Vanquished Creatures
  Erica (D:8)
  3 two-headed ogres
  An ugly thing (D:7)
  A cyclops (D:7)
  2 komodo dragons
  4 trolls
  A hornet (D:10)
  A slime creature (D:11)
  2 flying skulls (D:8)
  A vampire (D:9)
  Sigmund (D:3)
  A wyvern (D:9)
  A yak (D:7)
  2 wraiths
  2 steam dragons
  The ghost of PhillyD the Shooter, an amateur OpHu (D:3)
  Menkaure (D:4)
  Edmund (D:4)
  7 water moccasins
  An acid dragon (D:7)
  Duvessa (D:6)
  7 orc warriors
  3 sky beasts (D:7)
  2 ice beasts
  An elephant zombie (D:8)
  4 ogres
  5 black bears
  7 centaurs
  3 phantoms
  5 kobold brigands
  8 bullfrogs
  2 gnoll sergeants
  5 scorpions
  Dowan (D:6)
  2 wights (D:7)
  A water moccasin zombie (D:3)
  8 killer bees (D:9)
  A howler monkey (D:9)
  A centaur zombie (D:3)
  A bullfrog skeleton (D:3)
  3 hounds
  A centaur skeleton (D:3)
  A human zombie (D:8)
  4 orc priests
  4 jellies
  2 sleepcaps (D:7)
  3 iguanas
  Ijyb (D:4)
  3 scorpion zombies (D:8)
  9 orc wizards
  A killer bee zombie (D:8)
  An ogre zombie (D:8)
  5 hound zombies (D:8)
  12 gnolls
  11 adders
  A shadow imp (D:7)
  2 white imps
  3 ufetubi
  An adder zombie (D:8)
  2 worms (D:2)
  6 dart slugs
  37 orcs
  4 endoplasms
  2 giant cockroaches
  9 goblins
  9 hobgoblins
  2 jackals (D:4)
  4 quokkas
  7 ball pythons
  5 bats
  5 frilled lizards
  13 kobolds
  4 rats
280 creatures vanquished.

Vanquished Creatures (others)
  A shadow imp (D:7)
1 creature vanquished.

Grand Total: 281 creatures vanquished

Notes
Turn   | Place    | Note
-------+----------+-------------------------------------------
     0 | D:1      | Soulflayer the Troll Berserker began the quest for the Orb.
     0 | D:1      | Reached XP level 1. HP: 22/22 MP: 0/0
   148 | D:1      | Reached XP level 2. HP: 28/29 MP: 1/1
   314 | D:1      | Reached ** piety under Trog
   315 | D:1      | Reached skill level 4 in Unarmed Combat
   438 | D:1      | Reached XP level 3. HP: 33/36 MP: 2/2
   802 | D:2      | Identified the +3 mace "Faimp" {vamp, Int+5}
   830 | D:2      | Found a faded altar of an unknown god.
   853 | D:2      | Reached skill level 1 in Shields
   892 | D:2      | Reached XP level 4. HP: 39/44 MP: 3/3
  1282 | D:3      | Noticed Sigmund
  1294 | D:3      | Killed Sigmund
  1295 | D:3      | Reached skill level 5 in Unarmed Combat
  1295 | D:3      | Reached XP level 5. HP: 50/50 MP: 4/4
  1356 | D:3      | Found a runed translucent gate.
  1361 | D:3      | Found a runed translucent gate.
  1362 | D:3      | Found a runed translucent gate.
  1679 | D:3      | Noticed PhillyD's ghost (amateur OpHu)
  1696 | D:3      | Killed PhillyD's ghost
  1697 | D:3      | Reached skill level 6 in Unarmed Combat
  1697 | D:3      | Reached XP level 6. HP: 59/59 MP: 5/5
  1708 | D:3      | Reached *** piety under Trog
  1709 | D:3      | Reached XP level 7. HP: 66/66 MP: 6/6
  1762 | D:4      | Reached skill level 7 in Unarmed Combat
  1842 | D:4      | Noticed Menkaure
  1851 | D:4      | Killed Menkaure
  2129 | D:4      | Found a shimmering blue altar of Sif Muna.
  2136 | D:4      | Noticed Ijyb
  2136 | D:4      | Paralysed by Ijyb for 5 turns
  2147 | D:4      | Paralysed by Ijyb for 2 turns
  2152 | D:4      | Killed Ijyb
  2350 | D:4      | Reached skill level 8 in Unarmed Combat
  2350 | D:4      | Noticed Edmund
  2356 | D:4      | Killed Edmund
  2357 | D:4      | Reached XP level 8. HP: 51/74 MP: 7/7
  2630 | D:4      | Identified the +4 sling of Ximuj {elec, rElec}
  2998 | D:5      | Entered Level 5 of the Dungeon
  3055 | D:5      | Found a white marble altar of Elyvilon.
  3179 | D:5      | Reached skill level 5 in Shields
  3179 | D:5      | Reached skill level 9 in Unarmed Combat
  3285 | D:5      | Reached skill level 10 in Unarmed Combat
  3696 | D:6      | Noticed Duvessa
  3700 | D:6      | Noticed Dowan
  3705 | D:6      | Killed Duvessa
  3712 | D:6      | Killed Dowan
  3715 | D:6      | Reached XP level 9. HP: 80/80 MP: 8/8
  3833 | D:6      | Reached skill level 11 in Unarmed Combat
  3947 | D:6      | Found a staircase to the Ecumenical Temple.
  4425 | Temple   | Entered the Ecumenical Temple
  4529 | D:7      | Noticed a two-headed ogre
  4534 | D:7      | Killed a two-headed ogre
  4535 | D:7      | Reached skill level 12 in Unarmed Combat
  4603 | D:7      | Reached **** piety under Trog
  4663 | D:7      | Reached skill level 13 in Unarmed Combat
  4728 | D:7      | Noticed a troll
  4729 | D:7      | Noticed a cyan ugly thing
  4729 | D:7      | Noticed a troll
  4736 | D:7      | Killed a troll
  4737 | D:7      | Reached XP level 10. HP: 88/88 MP: 9/9
  4740 | D:7      | Killed a cyan ugly thing
  4745 | D:7      | Reached skill level 14 in Unarmed Combat
  4752 | D:7      | Noticed a cyclops
  4786 | D:7      | Killed a cyclops
  4846 | D:7      | Identified the +2 arbalest "Ziroitun" {flame, *Slow Fly
                  | rF+}
  4846 | D:7      | Identified the +6 spear "Keghoimn" {antimagic, rF+ Str+4}
  4898 | D:7      | Noticed a two-headed ogre
  4911 | D:7      | Killed a two-headed ogre
  5177 | D:7      | Reached skill level 15 in Unarmed Combat
  5756 | D:8      | Noticed a two-headed ogre
  5764 | D:8      | Killed a two-headed ogre
  5765 | D:8      | Reached XP level 11. HP: 94/94 MP: 10/10
  5805 | D:8      | Noticed Erica
  5814 | D:8      | Killed Erica
  5895 | D:8      | Found an ancient bone altar of Kikubaaqudgha.
  5951 | D:8      | Reached ***** piety under Trog
  6032 | D:8      | Found a staircase to the Lair.
  6053 | D:8      | Reached skill level 16 in Unarmed Combat
  6111 | D:8      | Found an iron altar of Okawaru.
  6154 | D:8      | Found a glowing golden altar of the Shining One.
  6514 | D:9      | Reached skill level 5 in Throwing
  6937 | D:10     | Entered Level 10 of the Dungeon
  6985 | D:10     | Received a gift from Trog
  7367 | D:10     | Found Iczeupp's Antique Weapon Shop.
  7738 | D:11     | Found a staircase to the Orcish Mines.
  7826 | D:11     | Slain by a large slime creature

Illustrated notes

Levels and vault maps discovered:
D:1:      shiori_arrival_maze, layout_basic
D:2:      layout_basic, basic_ecumenical_altar, serial_park_tiny_2
D:3:      layout_rooms, gammafunk_ghost_necromancy, uniq_sigmund
D:4:      layout_layer_cave, mainiacjoe_overflow_small_starburst, uniq_ijyb,
          uniq_menkaure, uniq_edmund
D:5:      layout_loops_ring, elyvilon_altar_5
D:6:      layout_loops_ring, minmay_temple_entry_statues, uniq_duvessa
D:7:      minmay_the_grid_octo_tiled_octocenter
          [minmay_the_grid_octo_fan_narrow, minmay_the_grid_octo_toaster,
          minmay_the_grid_octo_clover, minmay_the_grid_octo_focus,
          minmay_the_grid_octo_prize_star,
          minmay_the_grid_square_5x5_fancy_junction,
          minmay_the_grid_square_5x5_three,
          minmay_the_grid_square_5x5_broken_cross,
          minmay_the_grid_square_5x5_comb], layout_basic,
          grunt_decor_mini_mirrors
D:8:      layout_cave_pools, mainiacjoe_overflow_catch_the_wave,
          due_lair_maze_entry_diamond, chequers_serial_rivers_room_a,
          roadster_capsule_ark_zombie, uniq_erica
D:9:      layout_roguey
D:10:     layout_gridville, serial_shops, shop
D:11:     layout_layer_cave, david_orc_1_choice, hive_lemuel
Temple:   nicolae_temple_bog_church

Skill      XL: |  1  2  3  4  5  6  7  8  9 10 11 |
---------------+----------------------------------+-----
Unarmed Combat | 4 5 6 8 10 13 15 16 | 16.3
Shields        | 1 2 3 4 5 |  5.9
Throwing       | 3 5 |  5.8
Fighting       | 3 |  3.6
Dodging        | |  2.4

Action                     |  1- 3 |  4- 6 |  7- 9 | 10-12 || total
---------------------------+-------+-------+-------+-------++-------
  Melee: Unarmed           |    89 |    48 |   255 |   345 ||   737
         Punch             |     1 |       |       |       ||     1
  Throw: Boomerang         |       |    24 |     6 |       ||    30
         Large rock        |       |       |       |     5 ||     5
 Invoke: Berserk           |       |     2 |     5 |     2 ||     9
         Trog's Hand       |       |       |     2 |       ||     2
    Use: Scroll            |       |       |     6 |     5 ||    11
 Armour: Animal skin       |    39 |    33 |   135 |    23 ||   230
         Troll leather arm |       |       |       |   151 ||   151
  Dodge: Dodged            |    35 |    12 |    66 |    71 ||   184
  Block: Kite shield       |    16 |    13 |    99 |   151 ||   279

Table legend: (Time is in decaauts)
 A = Elapsed time spent in this place.
 B = Non-inter-level travel time spent in this place.
 C = Inter-level travel time spent in this place.
 D = Time resting spent in this place.
 E = Time spent auto-exploring this place.
 F = Levels seen in this place.
 G = Mean time per level.
                   A        B        C        D        E       F      G
               +--------+--------+--------+--------+--------+-----+--------+
         Total |   7809 |   7455 |    354 |    354 |   5479 |  12 |  650.8 |
       Dungeon |   7807 |   7455 |    352 |    354 |   5479 |  11 |  709.7 |
        Temple |      1 |      0 |      1 |      0 |      0 |   1 |    1.0 |
               +--------+--------+--------+--------+--------+-----+--------+

Top non-repeatable levels by time:
     D:7: 1289 daAuts
     D:4: 1182 daAuts
     D:6: 789 daAuts
    D:10: 742 daAuts
     D:5: 676 daAuts
     D:1: 645 daAuts
     D:2: 632 daAuts
     D:8: 611 daAuts
     D:3: 583 daAuts
     D:9: 516 daAuts
    D:11: 138 daAuts
  Temple: 1 daAuts
